Map: New Repugnancy LE

Players

Kas

  • Race: Terran Terran
  • League: Master
  • Spawn Location: 7:00

Lambo - Winner!

  • Race: Zerg Zerg
  • League: Master
  • Spawn Location: 1:00

VOD

Have the link to the VOD?

Description

Time

  • Played on: Jan. 23, 2019, 1:59 p.m.
  • Length: 11:39
Show
View Real Time Build Order
Export as new Build Order

Kas Terran 

Build Orders: Reaper Expand 

Get SALT Encoding   

  12  0:01  SCV  
  13  0:13  SCV  
  14  0:18  Supply Depot  
  14  0:25  SCV  
  15  0:40  SCV  
  15  0:42  Barracks  
  16  0:47  Refinery  
  16  0:52  SCV  
  17  1:04  SCV  
  18  1:16  SCV  
  19  1:29  Orbital Command  
  19  1:30  Reaper  
  20  1:43  Command Center  
  20  1:55  Barracks  
  20  1:57  SCV  
  21  2:02  Barracks Reactor  
  21  2:10  SCV  
  21  2:13  Supply Depot  
  22  2:18  Refinery  
  22  2:22  SCV  
  23  2:34  SCV  
  24  2:39  Marine x2  
  24  2:42  Factory  
  26  2:44  Barracks Tech Lab  
  26  2:47  SCV  
  27  2:56  Orbital Command  
  27  2:57  Marine x2  
  29  3:00  SCV  
  29  3:05  Marine  
  31  3:08  Stimpack  
  32  3:12  SCV  
  32  3:22  Marine x2  
  32  3:23  SCV  
  35  3:27  Starport, Factory Reactor  
  35  3:31  SCV  
  36  3:36  Marine  
  36  3:38  SCV  
  36  3:40  Marine  
  39  3:43  SCV  
  39  3:44  Supply Depot, Marine  
  41  3:50  SCV  
  41  3:54  Marine  
  43  3:56  SCV  
  43  3:58  Marine  
  45  4:03  SCV  
  45  4:06  Marine  
  45  4:07  Supply Depot  
  45  4:08  SCV  
  48  4:11  Medivac x2  
  48  4:15  SCV, Factory Tech Lab, Marine  
  54  4:20  Refinery  
  54  4:29  SCV  
  54  4:31  SCV, Supply Depot  
  56  4:32  Engineering Bay, Marine  
  57  4:41  SCV  
  57  4:43  SCV  
  59  4:48  Barracks, Siege Tank  
  59  4:52  Marine x2  
  64  4:53  SCV, Marine  
  64  4:55  Starport Reactor  
  66  5:01  Terran Infantry Weapons Level 1, Supply Depot  
  66  5:02  SCV  
  66  5:05  SCV  
  68  5:08  Combat Shield  
  68  5:11  Marine  
  69  5:14  SCV  
  69  5:17  SCV  
  66  5:30  Marine  
  66  5:33  Marine  
  63  5:37  Marine  
  63  5:38  Siege Tank  
  63  5:40  SCV x2  
  60  5:44  Marine  
  60  5:45  Marine, Command Center  
  60  5:47  Medivac x2  
  60  5:48  Marine  
  67  5:51  Marine  
  67  5:54  Marine  
  67  5:55  Supply Depot x2  
  69  5:57  SCV, Refinery  
  69  5:59  SCV  
  69  6:02  Marine  
  72  6:10  Marine x2  
  74  6:11  Marine  
  74  6:12  Siege Tank  
  74  6:16  Marine  
  79  6:20  Marine  
  80  6:28  Marine x2  
  80  6:29  Marine  
  80  6:31  Barracks  
  80  6:32  Barracks  
  83  6:33  SCV, Armory, Engineering Bay  
  83  6:34  SCV  
  83  6:37  Marine  
  83  6:38  Marine  
  87  6:46  SCV x2, Marine x2  
  91  6:56  Marine x3  
  91  6:58  SCV x2, Siege Tank  
  91  6:59  Orbital Command  
  99  7:04  Marine  
  99  7:06  Marine  
  101  7:10  SCV, Terran Infantry Armor Level 1  
  101  7:14  SCV, Medivac, Marine  
  101  7:15  Medivac  
  108  7:25  Marine  
  108  7:28  Terran Infantry Weapons Level 2, Barracks Reactor x2  
  109  7:32  Supply Depot x2  
  109  7:35  Supply Depot  
  109  7:39  Orbital Command  
  109  7:45  Supply Depot  
  109  7:46  Supply Depot  
  109  7:53  SCV, Marine x5  
  109  7:54  Widow Mine  
  109  7:55  Drilling Claws  
  109  7:56  Medivac  
  119  8:02  Supply Depot  
  119  8:03  SCV, Supply Depot  
  119  8:04  SCV  
  121  8:08  Marine x3  
  121  8:10  Marine  
  121  8:11  Marine  
  126  8:18  Supply Depot x2  
  126  8:29  SCV x2  
  126  8:30  Command Center  
  126  8:31  Marine x5  
  126  8:33  Widow Mine  
  135  8:37  Factory  
  135  8:40  Marine x2  
  127  8:48  Marine x2  
  122  8:57  Marine x3  
  122  8:59  Marine  
  122  9:00  Marine  
  122  9:01  Marine x2  
  123  9:06  Marine x2  
  123  9:08  Orbital Command  
  119  9:13  SCV  
  119  9:14  Marine x2  
  119  9:15  Marine  
  122  9:17  Marine x2  
  122  9:21  Factory Reactor  
  118  9:24  Marine x2  
  118  9:25  SCV, Marine x2  
  119  9:32  Marine x2  
  119  9:33  Marine  
  119  9:35  Marine x2  
  117  9:39  SCV  
  117  9:42  Marine x3  
  117  9:43  SCV  
  117  9:45  SCV  
  119  9:51  SCV  
  120  9:56  SCV  
  120  9:57  SCV  
  122  10:03  SCV  
  123  10:08  SCV  
  123  10:09  SCV  
  125  10:15  Marine, Widow Mine  
  125  10:17  Widow Mine  
  125  10:19  Orbital Command  
  125  10:20  SCV  
  131  10:24  Marine x3  
  105  10:36  Orbital Command  
  105  10:45  SCV, Widow Mine  
  109  10:50  SCV  
  106  10:57  SCV, Marine  
  106  11:01  SCV  
  106  11:02  SCV  
  108  11:06  Marine x5  
  108  11:07  Marine x3  
  116  11:13  SCV  
  116  11:15  Marine  
Show
View Real Time Build Order
Export as new Build Order

Lambo Zerg - Winner!

Build Orders: Hatch First 

Get SALT Encoding   

  12  0:01  Drone  
  13  0:15  Overlord  
  13  0:22  Drone  
  14  0:35  Drone x2  
  16  0:49  Hatchery  
  15  0:54  Drone  
  16  0:58  Drone  
  16  1:01  Drone  
  18  1:13  Extractor  
  18  1:16  Spawning Pool  
  16  1:19  Drone  
  16  1:23  Drone  
  18  1:30  Drone  
  19  1:42  Drone  
  20  1:54  Overlord  
  20  2:03  Queen x2  
  20  2:04  Zergling x4  
  26  2:13  Drone, Metabolic Boost  
  27  2:17  Drone  
  28  2:24  Drone  
  29  2:30  Drone  
  29  2:36  Drone x2  
  31  2:41  Queen  
  33  2:47  Overlord  
  33  2:59  Hatchery  
  33  3:04  Pneumatized Carapace  
  32  3:06  Drone  
  32  3:09  Drone  
  32  3:11  Drone  
  35  3:16  Spore Crawler  
  35  3:19  Spore Crawler  
  33  3:21  Drone  
  33  3:23  Drone  
  33  3:24  Queen  
  39  3:29  Drone x2  
  39  3:33  Overlord  
  41  3:35  Drone  
  42  3:42  Overlord  
  42  3:43  Drone x2  
  44  3:57  Drone x2  
  44  4:00  Evolution Chamber, Drone x3  
  48  4:04  Drone x2, Queen  
  52  4:10  Overlord  
  52  4:12  Drone x3  
  55  4:17  Queen  
  55  4:20  Drone  
  58  4:24  Queen  
  58  4:25  Drone  
  61  4:34  Zerg Ground Armor Level 1  
  61  4:36  Overlord  
  61  4:38  Zergling x6  
  64  4:40  Drone x2  
  64  4:42  Zergling x2  
  67  4:46  Zergling x6  
  67  4:49  Queen  
  72  4:55  Lair  
  72  4:56  Zergling x4  
  72  4:57  Zergling x2  
  72  4:59  Overlord  
  75  5:02  Overlord  
  75  5:05  Overlord  
  75  5:08  Overlord  
  75  5:12  Extractor x2  
  75  5:13  Overlord  
  73  5:14  Baneling Nest  
  73  5:17  Zergling x6  
  73  5:21  Zergling x6  
  72  5:25  Overlord  
  72  5:28  Zergling x8  
  71  5:31  Zergling x4  
  71  5:34  Zergling x4  
  65  5:39  Drone x2  
  64  5:43  Drone  
  64  5:44  Drone x2  
  64  5:49  Drone  
  68  5:52  Drone  
  68  5:54  Evolution Chamber  
  68  5:55  Drone  
  69  5:58  Drone  
  69  6:03  Centrifical Hooks  
  70  6:04  Drone x2  
  70  6:06  Drone  
  70  6:10  Queen  
  73  6:12  Drone x6  
  73  6:17  Drone x2  
  81  6:20  Zerg Melee Weapons Level 1  
  81  6:22  Drone  
  81  6:23  Extractor  
  81  6:28  Zergling x4  
  80  6:33  Zergling x2  
  80  6:36  Queen  
  80  6:39  Baneling x9  
  83  6:40  Zergling x8  
  83  6:43  Zergling x4  
  83  6:45  Queen  
  91  6:47  Zergling x2  
  91  6:49  Zergling x6  
  91  6:52  Baneling x2  
  91  6:53  Queen  
  97  6:54  Zergling x2  
  97  6:55  Zergling x2  
  97  6:57  Baneling x2  
  97  6:58  Zergling x2  
  100  7:02  Zergling x2  
  102  7:08  Zergling x6  
  102  7:09  Baneling x5  
  102  7:15  Zergling x8  
  108  7:17  Baneling x6  
  108  7:21  Hatchery, Zergling x6  
  110  7:26  Zergling x4  
  112  7:31  Zergling x2  
  112  7:33  Queen x3  
  120  7:37  Zergling x4  
  120  7:41  Zerg Ground Armor Level 2  
  121  7:49  Overlord x2  
  121  7:52  Overlord  
  121  7:53  Overlord, Infestation Pit  
  121  7:55  Baneling x4  
  120  7:58  Baneling  
  120  8:07  Overlord x2  
  120  8:08  Zergling x12  
  120  8:09  Zergling x4  
  128  8:16  Drone x5  
  133  8:26  Zergling x10  
  137  8:27  Baneling  
  137  8:28  Baneling x10  
  137  8:35  Zergling x6  
  138  8:42  Zergling x2  
  138  8:43  Zergling x10  
  138  8:48  Zergling x6  
  138  8:49  Zergling x4  
  138  8:51  Zergling x6  
  138  8:54  Baneling x12  
  143  8:56  Zergling x6  
  144  9:03  Zergling x4  
  144  9:09  Zergling x2  
  145  9:10  Baneling x5  
  145  9:11  Overseer  
  145  9:14  Hatchery  
  145  9:17  Zergling x8  
  147  9:23  Zergling x6  
  148  9:29  Zergling x2  
  143  9:33  Zergling x2  
  140  9:39  Zergling x4  
  140  9:44  Hive, Zergling x4  
  136  9:53  Zergling x4  
  136  9:58  Zergling x2  
  139  10:01  Baneling x3  
  139  10:05  Hatchery  
  139  10:06  Zergling x6  
  139  10:15  Zergling x14  
  139  10:17  Baneling x13  
  141  10:23  Zergling x2  
  139  10:30  Zergling x6  
  139  10:34  Zergling x2  
  135  10:39  Zergling x12  
  133  10:49  Drone x8  
  141  10:54  Zergling x2  
  134  11:03  Ultralisk Cavern  
  134  11:04  Extractor, Zergling x8  
  136  11:09  Baneling x9  
  136  11:10  Zergling x16  
  140  11:20  Zergling x14  
Tags
 
Add a new tag
Caveats
  • Supply blocks, unpowered buildings, or Contaminate may cause inaccurate times.
  • Supply counts are checked every 10 seconds.